 Dungeon Crawl Stone Soup version 0.31-a0-233-g139696dc86 (webtiles) character file.

Game seed: 11161898394817637719

161 Demosthentine the Ducker (level 5, -1/41 HPs)
             Began as a Demonspawn Gladiator on July 8, 2023.
             Killed by divine providence
             ... invoked by an orc priest
              (13 damage)
             ... on level 3 of the Dungeon.
             The game lasted 00:01:38 (1980 turns).

Demosthentine the Ducker (Demonspawn Gladiator)     Turns: 1980, Time: 00:01:38

Health: -1/41      AC:  6    Str: 16    XL:     5   Next: 18%
Magic:  5/5        EV: 18    Int:  9    God:
Gold:   212        SH:  0    Dex: 15    Spells: 4/4 levels left

rFire   . . .        a - +0 trident (venom)
rCold   . . .        (no shield)
rNeg    . . .        b - +0 leather armour
rPois   .            c - +0 helmet
rElec   .            (no cloak)
rCorr   .            (no gloves)
SInv    .            (no boots)
Will    .....        (no amulet)
Stlth   +            p - +5 ring of evasion
HPRegen 0.26/turn    (no ring)
MPRegen 0.09/turn

%: no passive effects
@: mighty
A: molten scales 1
a: no special abilities


You were on level 3 of the Dungeon.
You visited 1 branch of the dungeon, and saw 3 of its levels.

You collected 212 gold pieces.

Inventory:

Hand Weapons
 a - a +0 trident of venom (weapon)
Missiles
 d - 3 throwing nets (quivered)
 e - a javelin
Armour
 b - a +0 leather armour (worn)
 c - a +0 helmet (worn)
Jewellery
 p - a +5 ring of evasion (left hand)
 q - a +6 ring of strength
Scrolls
 i - a scroll of silence {unknown}
 m - 2 scrolls of teleportation
 r - a scroll of identify {unknown}
Potions
 f - a potion of degeneration {unknown}
 g - a potion of berserk rage {unknown}
 h - a potion of invisibility {unknown}
 j - a potion of might
 k - a potion of cancellation {unknown}
 l - a potion of attraction {unknown}
 n - a potion of mutation {unknown}
 o - 2 potions of haste {unknown}


   Skills:
 + Level 3.2 Fighting
 + Level 3.5 Polearms
 - Level 1.7 Throwing
 + Level 2.0 Armour
 + Level 3.5 Dodging


You had 4 spell levels left.
You didn't know any spells.
Your spell library contained the following spells:

 Spells                   Type           Power      Damage    Failure   Level
 Blink                    Tloc           0%         N/A       58%         2
 Lesser Beckoning         Tloc           0%         N/A       58%         2
 Momentum Strike          Conj/Tloc      0%         3d8       58%         2


Dungeon Overview and Level Annotations

Branches:
Dungeon (3/15)

Altars:

Shops:
D:3 :

Annotations:
D:3 3 runed translucent doors


Innate Abilities, Weirdness & Mutations

You are partially covered in molten scales. (AC +2)


Message History

The orc completely misses you. The rat completely misses you.
The orc priest calls down the wrath of Beogh upon you.
Beogh smites you! The rat completely misses you.
The orc hits you with a +0 hand axe.
* * * LOW HITPOINT WARNING * * *
You are too injured to fight recklessly!
It was a potion of might.
You feel very mighty all of a sudden. The rat barely misses you.
Unknown command.
Reach: a) +0 trident (venom)
Press: ? - help, Dir - move target, f - orc priest, p - rat
Aim: an orc priest, wielding a +0 trident and wearing a +0 scale mail (about 37% to evade your +0 trident of venom)
You reach to attack!
You closely miss the orc priest.
You kill the orc!
The orc priest hits you but does no damage.
The rat misses you.
Reach: a) +0 trident (venom)
Press: ? - help, Dir - move target, f/p - orc priest
Aim: an orc priest, wielding a +0 trident and wearing a +0 scale mail (about 37% to evade your +0 trident of venom)
You reach to attack!
You hit the orc priest.
The orc priest is poisoned.
The orc priest is moderately wounded.
The orc priest hits you from afar with a +0 trident.
* * * LOW HITPOINT WARNING * * *
The rat misses you.
Reach: a) +0 trident (venom)
Press: ? - help, Dir - move target, f/p - orc priest
Aim: an orc priest, wielding a +0 trident and wearing a +0 scale mail (moderately wounded, poisoned, about 37% to evade your +0 trident of venom)
You reach to attack!
You puncture the orc priest!
The orc priest looks as sick as possible!
The orc priest is severely wounded.
The orc priest closely misses you. The rat barely misses you.
Reach: a) +0 trident (venom)
Press: ? - help, Dir - move target, f/p - orc priest
Aim: an orc priest, wielding a +0 trident and wearing a +0 scale mail (almost dead, extremely poisoned, about 37% to evade your +0 trident of venom)
You reach to attack!
You barely miss the orc priest.
The orc priest is almost dead.
The orc priest mumbles some strange prayers to Beogh against you.
Beogh smites you!
You die...

......#
...+...
#..##.......#
......#
...+...
#..##.......#
......#
#..#...
#..##########
......# ..#...
##..# ..†...#
###♣⌠♣ ##...#
.#.####
#####....#
.#.#
#####........#
.#.#
.............#
##.#
....!.)@.....#
##.#
.....>.r.....#
...#
.....o....##.#
####
..........# .#
..........# $.
..........# ..
..........#
.....######


You could see an orc priest (extremely poisoned) and a rat.

Vanquished Creatures
  Jessica (D:2)
  An orc wizard (D:3)
  An iguana (D:2)
  2 adders (D:2)
  A worm (D:2)
  4 orcs (D:3)
  6 endoplasms
  2 giant cockroaches
  7 goblins
  5 hobgoblins
  2 jackals (D:1)
  9 kobolds
  4 quokkas (D:1)
  A ball python (D:1)
  5 bats
  A frilled lizard (D:1)
  5 rats
57 creatures vanquished.

Notes
Turn   | Place    | Note
-------+----------+-------------------------------------------
     0 | D:1      | Demosthentine the Demonspawn Gladiator began the quest for
                  | the Orb.
     0 | D:1      | Reached XP level 1. HP: 16/16 MP: 1/1
   114 | D:1      | Gained mutation: You are partially covered in molten
                  | scales. (AC +2) [demonic ancestry]
   114 | D:1      | Reached XP level 2. HP: 16/22 MP: 2/2
   545 | D:1      | Reached skill level 1 in Armour
   725 | D:2      | Noticed Jessica
   730 | D:2      | Killed Jessica
   731 | D:2      | Reached XP level 3. HP: 14/28 MP: 3/3
   978 | D:2      | Reached XP level 4. HP: 31/34 MP: 4/4
  1758 | D:3      | Found Neolisofoi's Book Shop.
  1804 | D:3      | Found a runed translucent gate.
  1807 | D:3      | Found a runed translucent gate.
  1807 | D:3      | Found a runed translucent gate.
  1831 | D:3      | Reached XP level 5. HP: 22/41 MP: 5/5
  1980 | D:3      | Killed from afar by an orc priest

Illustrated notes

Levels and vault maps discovered:
D:1:      kennysheep_arrival_forest, layout_basic
D:2:      minmay_alternating_diamond, layout_basic, grunt_decor_cap,
          mrwooster_statue_mirror, minivault_24, uniq_jessica
D:3:      layout_basic, mainiacjoe_overflow_brackets, gammafunk_ghost_cemetery,
          serial_shops, shop, chequers_serial_rivers_micro_c

Skill      XL: |  1  2  3  4 |
---------------+-------------+-----
Polearms       | 3 |  3.5
Dodging        | 3 |  3.5
Armour         | 1 2 |  2.0
Fighting       | 3 |  3.2
Throwing       | |  1.7

Action                     |  1- 3 |  4- 6 || total
---------------------------+-------+-------++-------
  Melee: Trident           |    95 |    96 ||   191
    Use: Scroll            |     1 |     2 ||     3
         Potion            |       |     1 ||     1
   Stab: Sleeping          |       |     1 ||     1
 Armour: Leather armour    |    31 |    39 ||    70
  Dodge: Dodged            |    40 |    79 ||   119

Table legend: (Time is in decaauts)
 A = Elapsed time spent in this place.
 B = Non-inter-level travel time spent in this place.
 C = Inter-level travel time spent in this place.
 D = Time resting spent in this place.
 E = Time spent auto-exploring this place.
 F = Levels seen in this place.
 G = Mean time per level.
                   A        B        C        D        E       F      G
               +--------+--------+--------+--------+--------+-----+--------+
         Total |   2007 |   2007 |      0 |      0 |   1618 |   3 |  669.0 |
       Dungeon |   2007 |   2007 |      0 |      0 |   1618 |   3 |  669.0 |
               +--------+--------+--------+--------+--------+-----+--------+

Top non-repeatable levels by time:
     D:2: 965 daAuts
     D:1: 738 daAuts
     D:3: 304 daAuts
